 Dungeon Crawl Stone Soup version 0.22-a0-603-gfc1114d (webtiles) character file.

17845 chorionicmirror the Blocker (level 12, -7/100 HPs)
             Began as a Formicid Fighter on July 7, 2018.
             Was a High Priest of Okawaru.
             Mangled by a dream sheep (14 damage)
             ... on level 4 of the Lair of Beasts.
             The game lasted 00:58:49 (9986 turns).

chorionicmirror the Blocker (Formicid Fighter)      Turns: 9986, Time: 00:58:50

Health: -7/100     AC: 16    Str: 30    XL:     12   Next: 87%
Magic:  0/15       EV: 10    Int:  4    God:    Okawaru [*****.]
Gold:   715        SH:  0    Dex: 11    Spells: 11/11 levels left

rFire    . . .     SeeInvis +   b - +2 mace (venom)
rCold    . . .     Gourm    .   c - +0 shield
rNeg     . . .     Faith    .   w - +6 scale mail of Gravity {rCorr Int-4 SInv}
rPois    +         Spirit   +   (helmet unavailable)
rElec    .         Reflect  .   M - scarf {Spirit}
rCorr    +         Harm     .   m - +0 pair of gloves
MR       +....                  A - +1 pair of boots
Stlth    +.........             g - amulet of regeneration
HPRegen  0.66/turn              l - ring of poison resistance
MPRegen  0.14/turn              j - ring of stealth

@: mighty, sleeping
A: permanent stasis, dig shafts and tunnels, four strong arms, antennae 3
a: Dig, Shaft Self, Heroism, Finesse, Renounce Religion


You were on level 4 of the Lair of Beasts.
You worshipped Okawaru.
Okawaru was extremely pleased with you.
You were not hungry.

You visited 3 branches of the dungeon, and saw 14 of its levels.
You also visited: Ossuary.

You collected 715 gold pieces.

Inventory:

Hand Weapons
 a - a +2 war axe of electrocution
 b - a +2 mace of venom (weapon)
Armour
 c - a +0 shield (worn)
 m - a +0 pair of gloves (worn)
 w - the +6 scale mail of Gravity (worn) {rCorr Int-4 SInv}
   (You took it off an orc on level 5 of the Dungeon)

   It affects your intelligence (-4).
   It lets you see invisible.
   It protects you from acid and corrosion.
 A - a +1 pair of boots (worn)
 C - a +0 cloak
 E - a +0 large shield
 L - a +0 hat of magic resistance
 M - a scarf of spirit shield (worn)
Magical Staves
 F - an uncursed staff of death
Jewellery
 g - an amulet of regeneration (around neck)
 j - a ring of stealth (right hand)
 l - a ring of poison resistance (left hand)
 H - an uncursed amulet of guardian spirit
Wands
 r - a wand of disintegration (12)
 x - a wand of flame (26)
 y - a wand of iceblast (6)
 z - a wand of scattershot (2)
Scrolls
 o - 4 scrolls of fear
 p - 3 scrolls of remove curse
 t - a scroll of immolation
 v - 2 scrolls of amnesia
 B - 2 scrolls of fog
 G - 2 scrolls of enchant armour
 I - a scroll of acquirement
 J - 2 scrolls of identify
 K - a scroll of summoning
Potions
 d - a potion of might
 e - 3 potions of lignification
 h - 2 potions of flight
 i - 4 potions of curing
 n - 3 potions of mutation
 q - a potion of agility
 s - a potion of brilliance
 N - a potion of resistance
Miscellaneous
 D - a phial of floods
Comestibles
 f - 23 rations
 u - 18 chunks of flesh


   Skills:
 + Level 11.5 Fighting
 + Level 10.4 Axes
 - Level 3.2 Armour
 * Level 14.8 Shields
 - Level 5.0 Invocations
 - Level 5.0 Evocations


You had 11 spell levels left.
You didn't know any spells.
Your spell library contained the following spells:

 Spells                   Type           Power        Failure   Level  Hunger
 Cause Fear               Hex            #.........   100%        4    #####..
 Magic Dart               Conj           #...         75%         1    ##.....
 Apportation              Tloc           #.....       75%         1    ##.....
 Lightning Bolt           Conj/Air       #.........   100%        5    ######.
 Confuse                  Hex            #.......     98%         3    ####...
 Throw Frost              Conj/Ice       #.....       87%         2    ###....
 Summon Small Mammal      Summ           #...         75%         1    ##.....
 Iskenderun's Mystic Bla  Conj           #.......     100%        4    #####..
 Animate Dead             Necr           N/A          100%        4    #####..
 Pain                     Necr           #...         75%         1    ##.....
 Animate Skeleton         Necr           N/A          75%         1    ##.....
 Vampiric Draining        Necr           #.........   98%         3    ####...
 Freeze                   Ice            #...         75%         1    ##.....
 Summon Ice Beast         Ice/Summ       #.......     100%        4    #####..
 Ozocubu's Armour         Chrm/Ice       #.......     98%         3    ####...
 Regeneration             Chrm/Necr      #.........   98%         3    ####...
 Tukima's Dance           Hex            #.......     98%         3    ####...
 Shock                    Conj/Air       #...         75%         1    ##.....
 Swiftness                Chrm/Air       #.......     87%         2    ###....
 Deflect Missiles         Chrm/Air       #.........   100%        6    #######
 Throw Icicle             Conj/Ice       #.......     100%        4    #####..
 Airstrike                Air            #.........   100%        4    #####..
 Confusing Touch          Hex            #.....       75%         1    ##.....
 Ensorcelled Hibernation  Hex/Ice        #.....       87%         2    ###....
 Silence                  Hex/Air        #.........   100%        5    ######.
 Static Discharge         Conj/Air       #.......     98%         3    ####...
 Corona                   Hex            #......      75%         1    ##.....
 Fulminant Prism          Conj/Hex       #.........   100%        4    #####..
 Dazzling Spray           Conj/Hex       #.....       98%         3    ####...
 Force Lance              Conj/Tloc      #.......     100%        4    #####..
 Searing Ray              Conj           #.....       87%         2    ###....
 Discord                  Hex            #.........   100%        8    #######
 Yara's Violent Unravell  Hex/Tmut       #.........   100%        5    ######.


Dungeon Overview and Level Annotations

Branches:
Dungeon (9/15)             Temple (1/1) D:5            Lair (4/6) D:9
 Shoals (0/4) Lair:3       Spider (0/4) Lair:2
    Orc: D:9-12

Altars:
Ashenzari
Cheibriados
Dithmenos
Elyvilon
Fedhas
Gozag
Hepliaklqana
Kikubaaqudgha
Makhleb
Nemelex Xobeh
Okawaru
Qazlal
Ru
Sif Muna
Trog
Uskayaw
Vehumet
Wu Jian
Xom
Yredelemnul
Zin
The Shining One
Beogh

Shops:
D:7 %

Annotations:
D:7 Prince Ribbit


Innate Abilities, Weirdness & Mutations

You cannot be hasted, slowed, berserked, paralysed or teleported.
You can dig through walls and to a lower floor.
Your four strong arms can wield two-handed weapons with a shield.
You have a pair of large antennae on your head. (SInv)


Message History

The six-headed hydra bites you!
* * * LOW HITPOINT WARNING * * *
You block the six-headed hydra's attack.
You feel better.
You block the six-headed hydra's attack.
The six-headed hydra bites you but does no damage.
The six-headed hydra bites you!
* * * LOW HITPOINT WARNING * * *
You block the six-headed hydra's attack.
The six-headed hydra closely misses you.
The six-headed hydra bites you but does no damage.
The dream sheep shake their wool and sparkle.
You feel drowsy...
You fall asleep.
Some of the chunks of flesh in your inventory have rotted away.
You kill the six-headed hydra!
Okawaru accepts your kill. The dream sheep barely misses you.
The dream sheep closely misses you. The dream sheep bites you!
You die...

### ****###.# ### *## ****
#.P##P.Y#####.######.######
,,,*
#.....HYYY@................
,,,*
#....#.#####...##.....P....
,,****#..{Y.#*
#...##....##....
,,,**,.{YY.#*
##..###...#P....
,,,,,,.....,*
#..##....#.....
,,,,,,.Y..,**
#..###...#.....
,,,,,,...,,*
#........#.....
,,*,,*...,,*
#..........!...
,,,**,*,,,,*
#..#P..........


You could see a hippogriff and 4 dream sheep.

Vanquished Creatures
  Gastronok (Lair:2)
  Erolcha (D:9)
  A hydra (Lair:4)
  The ghost of ThereIsNoGod the Martial Artist, a journeyman MfCK of Xom (D:9)
  An oklob plant (Lair:3)
  An orb spider (Lair:2)
  2 spiny frogs
  The ghost of Ijustatesigmund the Shield-Bearer, a novice GrFi (D:5)
  7 rime drakes
  A troll (D:9)
  3 blink frogs (Lair:4)
  4 hippogriffs
  3 dream sheep (Lair:4)
  3 wyverns
  3 yaks (Lair:4)
  A basilisk (Lair:2)
  A steam dragon (D:7)
  A hungry ghost (D:8)
  5 porcupines
  4 water moccasins
  3 orc warriors
  4 ogres
  3 sky beasts
  4 wolves
  3 centaurs
  10 crocodiles
  A big kobold (D:7)
  10 bullfrogs
  2 wyvern skeletons (D:9)
  9 scorpions
  5 killer bees (D:8)
  4 electric eels (D:9)
  4 crimson imps
  3 centaur zombies
  16 jellies
  A bullfrog zombie (D:8)
  11 hounds
  13 orc wizards
  A bullfrog skeleton (D:8)
  9 orc priests
  5 iguanas
  5 worker ants
  2 big kobold zombies (Ossuary)
  5 hound zombies
  3 mummies (Ossuary)
  Robin (D:3)
  A worker ant zombie (D:5)
  11 adders
  5 gnolls (D:7)
  7 scorpion zombies (Ossuary)
  A shadow imp (D:9)
  20 oozes
  3 adder zombies
  An adder skeleton (D:7)
  2 worms
  3 dart slugs
  4 leopard geckos
  55 orcs
  6 giant cockroaches
  A gnoll zombie (Ossuary)
  14 goblins
  14 hobgoblins
  7 kobolds
  5 quokkas
  6 bats
  4 frilled lizards
  4 goblin zombies (Ossuary)
  3 hobgoblin zombies (Ossuary)
  2 kobold zombies (Ossuary)
  An orc zombie (Ossuary)
  9 rats
  A fungus (Lair:2)
372 creatures vanquished.

Vanquished Creatures (others)
  A blink frog (Lair:4)
  3 scorpions (Ossuary)
  5 fungi
9 creatures vanquished.

Grand Total: 381 creatures vanquished

Notes
Turn   | Place    | Note
-------+----------+-------------------------------------------
     0 | D:1      | chorionicmirror the Formicid Fighter began the quest for the Orb.
     0 | D:1      | Reached XP level 1. HP: 18/18 MP: 1/1
    13 | D:1      | Reached skill level 4 in Shields
    70 | D:1      | Reached XP level 2. HP: 23/24 MP: 2/2
   168 | D:1      | Reached XP level 3. HP: 21/29 MP: 3/3
   251 | D:1      | Reached skill level 5 in Shields
   575 | D:2      | Reached XP level 4. HP: 35/35 MP: 4/4
   711 | D:2      | Found a shimmering altar of Xom.
   869 | D:2      | Reached skill level 6 in Shields
   915 | D:2      | Found a sacrificial altar of Ru.
   999 | D:2      | Found a shadowy altar of Dithmenos.
  1213 | D:3      | Noticed Robin
  1224 | D:3      | Killed Robin
  1227 | D:3      | Reached XP level 5. HP: 40/41 MP: 5/5
  1494 | D:3      | Reached skill level 7 in Shields
  1526 | D:3      | Reached XP level 6. HP: 34/47 MP: 6/6
  1970 | D:4      | Reached skill level 8 in Shields
  2013 | D:4      | Found a blossoming altar of Fedhas.
  2017 | D:4      | Noticed an ogre
  2025 | D:4      | Killed an ogre
  2089 | D:4      | Found a sparkling altar of Nemelex Xobeh.
  2160 | D:4      | Reached XP level 7. HP: 52/52 MP: 7/7
  2497 | D:5      | Entered Level 5 of the Dungeon
  2544 | D:5      | Reached skill level 9 in Shields
  2796 | D:5      | Found a sand-covered staircase.
  2802 | Ossuary  | Entered an ossuary
  2893 | Ossuary  | Reached XP level 8. HP: 58/61 MP: 8/8
  2926 | Ossuary  | Reached skill level 5 in Fighting
  3086 | Ossuary  | Reached skill level 5 in Axes
  3220 | D:5      | Got an ivory dagger
  3221 | D:5      | Identified the +0 dagger of Bupn {pierce, rF+ rN+ Str+3 Stlth-} (You found it on level 5 of the Dungeon)
  3243 | D:5      | Found a staircase to the Ecumenical Temple.
  3252 | Temple   | Entered the Ecumenical Temple
  3339 | Temple   | Became a worshipper of Warmaster Okawaru
  3465 | D:5      | Found a runed gate.
  3465 | D:5      | Found a runed gate.
  3466 | D:5      | Found a runed gate.
  3469 | D:5      | Noticed Ijustatesigmund's ghost (novice GrFi)
  3783 | D:5      | Found a roughly hewn altar of Beogh.
  3909 | D:6      | Reached skill level 1 in Invocations
  3935 | D:6      | Reached XP level 9. HP: 39/71 MP: 8/10
  4045 | D:6      | Found a white marble altar of Elyvilon.
  4068 | D:6      | Reached * piety under Okawaru
  4724 | D:5      | Killed Ijustatesigmund's ghost
  4749 | D:5      | Got a scorched dagger {pierce}
  4749 | D:5      | Got a warped scale mail
  4805 | D:5      | Identified a scroll of acquirement
  4808 | D:5      | Identified the +3 dagger of Tumult {pierce, rN+} (You took it off an orc on level 5 of the Dungeon)
  4822 | D:5      | Identified the +6 scale mail of Gravity {rCorr Int-4 SInv} (You took it off an orc on level 5 of the Dungeon)
  4935 | D:7      | Reached skill level 5 in Invocations
  4959 | D:7      | Reached ** piety under Okawaru
  4997 | D:7      | Reached skill level 1 in Evocations
  5117 | D:7      | Found a basalt altar of Yredelemnul.
  5161 | D:7      | Reached XP level 10. HP: 59/82 MP: 13/13
  5362 | D:7      | Noticed Prince Ribbit
  5379 | D:7      | Found Zeoquor's Food Emporium.
  5653 | D:8      | Noticed a green death
  5654 | D:8      | Found a burning altar of Makhleb.
  5666 | D:8      | Found a glowing silver altar of Zin.
  5666 | D:8      | Noticed an angel
  5773 | D:8      | Reached skill level 10 in Shields
  5930 | D:8      | Reached *** piety under Okawaru
  6190 | D:8      | Found a radiant altar of Vehumet.
  6243 | D:8      | Found a snail-covered altar of Cheibriados.
  6535 | D:9      | Found an ancient bone altar of Kikubaaqudgha.
  6541 | D:9      | Reached skill level 11 in Shields
  6562 | D:9      | Noticed Erolcha
  6578 | D:9      | Killed Erolcha
  6578 | D:9      | Reached **** piety under Okawaru
  6578 | D:9      | Reached XP level 11. HP: 41/89 MP: 14/14
  6727 | D:8      | Reached skill level 5 in Evocations
  6845 | D:9      | Found a staircase to the Lair.
  6877 | D:9      | Reached ***** piety under Okawaru
  6896 | D:9      | Found a runed door.
  6901 | D:9      | Noticed ThereIsNoGod's ghost (journeyman MfCK)
  6913 | D:9      | Killed ThereIsNoGod's ghost
  6913 | D:9      | Reached skill level 10 in Fighting
  6913 | D:9      | Reached skill level 12 in Shields
  7064 | D:9      | Found an opulent altar of Gozag.
  7246 | D:9      | Found a shattered altar of Ashenzari.
  7280 | Lair:1   | Entered Level 1 of the Lair of Beasts
  7861 | Lair:2   | Noticed Gastronok
  7891 | Lair:2   | Killed Gastronok
  7891 | Lair:2   | Reached skill level 13 in Shields
  8045 | Lair:2   | Found a hole to the Spider Nest.
  8045 | Lair:2   | Noticed an orb spider
  8063 | Lair:2   | Killed an orb spider
  8117 | Lair:2   | Received a gift from Okawaru
  8117 | Lair:2   | Reached XP level 12. HP: 99/99 MP: 15/15
  9029 | Lair:3   | Found a staircase to the Shoals.
  9147 | Lair:3   | Reached ****** piety under Okawaru
  9639 | Lair:4   | Reached skill level 14 in Shields
  9642 | Lair:4   | Reached skill level 10 in Axes
  9942 | Lair:4   | Noticed a six-headed hydra
  9981 | Lair:4   | HP: 2/100 [six-headed hydra (8)]
  9983 | Lair:4   | Killed a six-headed hydra
  9986 | Lair:4   | Mangled by a dream sheep

Vault maps used:
D:1:      dpeg_arrival_tiny_a, minmay_misc_feat_rows, serial_park_tiny_1
D:2:      nicolae_ru_the_path_less_chosen, xom_butterflies,
          lemuel_coloured_pillars_altar, first_ration
D:3:      minmay_mini_jars, uniq_robin
D:4:      fedhas_altar_1, overflow_temple_1_default, minmay_checkerbox
D:5:      minmay_temple_entry_statues_fountains, nicolae_ossuary_entry_plus,
          biasface_ghost_orc_armoury
D:6:      skrybe_limestone_x, serial_bayou_ford_a, elyvilon_altar_1
D:7:      yredelemnul_altar_generic, serial_shops, shop, uniq_prince_ribbit1
D:8:      grunt_temple_overflow_order_and_chaos_2, grunt_temple_overflow_open,
          hangedman_little_slice_of_home
D:9:      grunt_gozag_statues, nicolae_overflow_hidden_temple, kennysheep_mini,
          erik_lair_island, ebering_ghost_reflecting_pool, uniq_erolcha
Temple:   jpeg_temple_island
Lair:2:   nicolae_spider_entry_orb_guardian, uniq_gastronok
Lair:3:   lemuel_slime, shoals_dummy_entry, patterned_corridor
Lair:4:   minmay_lair_drake_nest
Ossuary:  ossuary_minmay_scorpions

Skill      XL: |  1  2  3  4  5  6  7  8  9 10 11 12 |
---------------+-------------------------------------+-----
Shields        | 4 5 6 7 8 9 11 13 14 | 14.8
Fighting       | 4 6 8 9 10 11 | 11.5
Axes           | 3 5 7 8 9 10 | 10.4
Invocations    | 1 5 |  5.0
Evocations     | 1 4 5 |  5.0
Armour         | |  3.2

Action                   |  1- 3 |  4- 6 |  7- 9 | 10-12 || total
-------------------------+-------+-------+-------+-------++-------
Melee: War axe           |    83 |       |    80 |   466 ||   629
       Hand axe          |       |   154 |   307 |       ||   461
       Mace              |       |       |       |     5 ||     5
Invok: Heroism           |       |       |       |     6 ||     6
 Abil: Dig               |       |       |       |     1 ||     1
Evoke: Wand              |       |       |       |    11 ||    11
  Use: Scroll            |     3 |     2 |    13 |     9 ||    27
       Potion            |     1 |     2 |     2 |    12 ||    17
  Eat: Chunk             |       |     4 |     7 |    12 ||    23
       Ration            |       |       |     1 |     2 ||     3
Armor: Scale mail        |     3 |       |    22 |   181 ||   206
       Ring mail         |    26 |    49 |    95 |       ||   170
Dodge: Dodged            |    29 |    39 |   111 |   169 ||   348
Block: Shield            |    47 |    77 |   209 |   334 ||   667

Table legend:
 A = Spawn XP
 B = Non-spawn XP
 C = Spawn XP percentage of total XP
 D = Spawn monster count
 E = Non-spawn monster count
 F = Spawn count percentage of total count
 G = Total turns spent on level
                    A         B        C        D         E        F      G
               +---------+---------+-------+---------+---------+-------+---------
         Total |       0 |   25493 |   0.0 |       0 |     375 |   0.0 |  9986
               +---------+---------+-------+---------+---------+-------+---------
           D:1 |       0 |      44 |   0.0 |       0 |      20 |   0.0 |   427
           D:2 |       0 |      61 |   0.0 |       0 |      15 |   0.0 |   691
           D:3 |       0 |     206 |   0.0 |       0 |      40 |   0.0 |   779
           D:4 |       0 |     282 |   0.0 |       0 |      15 |   0.0 |   600
           D:5 |       0 |     670 |   0.0 |       0 |      19 |   0.0 |  1030
           D:6 |       0 |    1172 |   0.0 |       0 |      32 |   0.0 |   852
           D:7 |       0 |     841 |   0.0 |       0 |      25 |   0.0 |   525
           D:8 |       0 |    2301 |   0.0 |       0 |      58 |   0.0 |  1136
           D:9 |       0 |    4235 |   0.0 |       0 |      38 |   0.0 |   733
        Lair:1 |       0 |    1417 |   0.0 |       0 |       9 |   0.0 |   527
        Lair:2 |       0 |    4265 |   0.0 |       0 |      10 |   0.0 |  1087
        Lair:3 |       0 |    2796 |   0.0 |       0 |      34 |   0.0 |   719
        Lair:4 |       0 |    6215 |   0.0 |       0 |      24 |   0.0 |   373
       Ossuary |       0 |     988 |   0.0 |       0 |      36 |   0.0 |   379
               +---------+---------+-------+---------+---------+-------+---------
